 Dungeon Crawl Stone Soup version 0.27-a0-1191-g601b473118 (webtiles) character file.

Game seed: 16015090596760030675

65 agentchuck the Sneak (level 3, -2/16 HPs)
             Began as a Spriggan Enchanter on May 25, 2021.
             Was a Believer of Zin.
             Killed by nerve-wracking pain
             ... invoked by an orc priest
              (7 damage)
             ... on level 3 of the Dungeon.
             The game lasted 00:10:43 (2980 turns).

agentchuck the Sneak (Spriggan Enchanter)           Turns: 2980, Time: 00:10:43

Health: -2/16      AC:  2    Str:  5    XL:     3   Next: 94%
Magic:  5/8        EV: 17    Int: 16    God:    Zin [**....]
Gold:   61         SH:  0    Dex: 15    Spells: 1/7 levels left

rFire    . . .     SeeInvis +   w - +3 dagger
rCold    . . .     Faith    .   (shield restricted)
rNeg     . . .     Spirit   .   b - +0 robe
rPois    .         Reflect  .   (helmet restricted)
rElec    .         Harm     .   (no cloak)
rCorr    .         Rampage  .   (gloves unavailable)
Will     .....                  (boots unavailable)
Stlth    +++.......             (no amulet)
HPRegen  0.05/turn              (no ring)
MPRegen  0.11/turn              (no ring)

@: very quick
A: very small, no large weapons, unfitting armour, see invisible, speed 3
a: Renounce Religion, Recite, Vitalisation, Donate Gold


You were on level 3 of the Dungeon.
You worshipped Zin.
Zin was pleased with you.
You visited 1 branch of the dungeon, and saw 3 of its levels.

You collected 85 gold pieces.
You spent 16 gold pieces at shops.
You donated 8 gold pieces to Zin.


Innate Abilities, Weirdness & Mutations

You are very small and have problems with some larger weapons.
You are too small for most types of armour.
You have supernaturally acute eyesight. (SInv)
You cover ground extremely quickly. (Speed+++)


   Skills:
 - Level 1.5 Short Blades
 * Level 2.9 Dodging
 + Level 5.2 Stealth
 - Level 2.6 Spellcasting
 * Level 4.7 Hexes
 - Level 1.1 Ice Magic


You had one spell level left.
You knew the following spells:

 Your Spells              Type           Power      Damage    Failure   Level
o - Confusing Touch       Hex            17%        N/A       9%          3
x - Ensorcelled Hibernat  Hex/Ice        22%        N/A       9%          2
z - Corona                Hex            18%        N/A       2%          1

Your spell library contained the following spells:

 Spells                   Type           Power      Damage    Failure   Level
 Tukima's Dance           Hex            17%        N/A       9%          3
 Dazzling Flash           Conj/Hex       18%        N/A       22%         3

Inventory:

Hand Weapons
 e - a +0 hunting sling
 w - a +3 dagger (weapon)
Missiles
 c - 61 stones
 n - 5 boomerangs
Armour
 b - a +0 robe (worn)
Scrolls
 d - a scroll of holy word {unknown}
 g - a scroll of enchant armour {unknown}
 h - a scroll of acquirement {unknown}
 i - a scroll of identify {unknown}
 j - a scroll of silence {unknown}
 k - a scroll of enchant weapon {unknown}
 l - a scroll of fog {unknown}
 m - a scroll of magic mapping {unknown}
Potions
 a - a potion of flight {unknown}
 f - a potion of might {unknown}

Dungeon Overview and Level Annotations

Branches:
Dungeon (3/15)

Altars:
Zin

Shops:
D:2 *

Annotations:
D:2 Sigmund

###### .#.....##
##########
.............##
#.........
...............#
#.........
...o...........#
#.........
....J..........# ###
#........>
...............#
#.###....<....
.............o@#
#......#.#.###
............J..#
#.####...#.##
#.............## #.#
#..##..##
#...........## #.#
#.###...#
######.###..#####.#
#.###.... #.#
##.....#.#
#......... #.#
#####.#.##..####....
#.# #)#.#..# ##.##
#.# #.....# #.##


You could see an orc priest and an endoplasm.


Message History

Aiming: Ensorcelled Hibernation (safe; 9% risk of failure)
Press: ? - help, Shift-Dir - straight line, f - endoplasm, p - orc priest
Aim: an endoplasm (chance to affect: 60%)
The endoplasm looks drowsy...
You barely miss the orc priest. The orc priest barely misses you.
You hit the orc priest.
The orc priest is lightly wounded.
The orc priest invokes the aid of Beogh against you.
Pain shoots through your body!
You closely miss the orc priest.
The orc priest is lightly wounded.
The orc priest closely misses you.
You hit the orc priest.
The orc priest is lightly wounded.
The orc priest closely misses you.
You hit the orc priest.
The orc priest is moderately wounded.
The orc priest closely misses you.
You closely miss the orc priest.
The orc priest is moderately wounded.
You hit the orc priest.
The orc priest is severely wounded.
The orc priest hits you with a +0 hand axe.
You hit the orc priest.
The orc priest is severely wounded.
The orc priest hits you with a +0 hand axe!
* * * LOW HITPOINT WARNING * * *
The orc priest invokes the aid of Beogh against you.
Pain shoots through your body!
You die...

Skill      XL: |  1  2  3 |
---------------+----------+-----
Hexes          | 4 |  4.7
Stealth        | 5 |  5.2
Ice Magic      | 1 |  1.1
Short Blades   | |  1.5
Dodging        | |  2.9
Spellcasting   | |  2.6

Action                   || total
-------------------------++-------
Melee: Dagger            ||    94
 Cast: Corona            ||     5
       Ensorcelled Hiber ||    28
 Stab: Sleeping          ||    17
Armor: Robe              ||     3
Dodge: Dodged            ||    68

Levels and vault maps discovered:
D:1:      saegor_arrival_simple_a, layout_basic, ebering_ecumenical_altar_box
D:2:      layout_loops_ring, serial_shops, shop, uniq_sigmund
D:3:      layout_rooms

Notes
Turn   | Place    | Note
-------+----------+-------------------------------------------
     0 | D:1      | agentchuck the Spriggan Enchanter began the quest for the
                  | Orb.
     0 | D:1      | Reached XP level 1. HP: 9/9 MP: 5/5
    30 | D:1      | Found a faded altar of an unknown god.
    40 | D:1      | Became a worshipper of Zin the Law-Giver
    40 | D:1      | Reached * piety under Zin
   395 | D:1      | Reached XP level 2. HP: 13/13 MP: 6/6
   470 | D:1      | Learned a level 2 spell: Ensorcelled Hibernation
   652 | D:1      | Reached skill level 4 in Hexes
   885 | D:2      | Noticed Sigmund
   923 | D:2      | Found Mixunia's General Store.
   928 | D:2      | Bought a +0 hunting sling for 16 gold pieces
  1818 | D:2      | Reached skill level 5 in Stealth
  1818 | D:2      | Reached XP level 3. HP: 16/16 MP: 5/8
  2037 | D:3      | Learned a level 3 spell: Confusing Touch
  2053 | D:3      | Reached skill level 1 in Ice Magic
  2313 | D:3      | Reached ** piety under Zin
  2980 | D:3      | Killed from afar by an orc priest

Vanquished Creatures
  3 adders
  5 orcs
  2 ball pythons
  An endoplasm (D:1)
  3 giant cockroaches
  2 hobgoblins (D:1)
  2 jackals (D:2)
  A quokka (D:2)
  6 bats
  2 frilled lizards (D:1)
  3 goblins
  2 rats
32 creatures vanquished.

Table legend: (Time is in decaauts)
 A = Elapsed time spent in this place.
 B = Non-inter-level travel time spent in this place.
 C = Inter-level travel time spent in this place.
 D = Time resting spent in this place.
 E = Time spent auto-exploring this place.
 F = Levels seen in this place.
 G = Mean time per level.
                   A        B        C        D        E       F      G
               +--------+--------+--------+--------+--------+-----+--------+
         Total |   2379 |   2277 |    102 |   1285 |     47 |   3 |  793.0 |
       Dungeon |   2379 |   2277 |    102 |   1285 |     47 |   3 |  793.0 |
               +--------+--------+--------+--------+--------+-----+--------+

Top non-repeatable levels by time:
     D:3: 948 daAuts
     D:2: 847 daAuts
     D:1: 583 daAuts

Table legend:
 A = Non-vault XP
 B = Vault XP
 C = Vault XP percentage of total XP
 D = Non-vault monster count
 E = Vault monster count
 F = Vault count percentage of total count
                 A         B        C        D         E       F
            +---------+---------+-------+---------+---------+-------
      Total |      94 |       0 |   0.0 |      32 |       0 |   0.0
            +---------+---------+-------+---------+---------+-------
        D:1 |      17 |       0 |   0.0 |      11 |       0 |   0.0
        D:2 |      29 |       0 |   0.0 |       9 |       0 |   0.0
        D:3 |      48 |       0 |   0.0 |      12 |       0 |   0.0
            +---------+---------+-------+---------+---------+-------
